 Dungeon Crawl Stone Soup version 0.30.0-29-ga12c61a403 (webtiles) character file.

Game seed: 3221861855724514099

483 BONEBRO the Covered (level 7, -22/57 HPs)
             Began as a Hill Orc Monk on June 16, 2023.
             Was a Believer of Beogh.
             Annihilated by an ogre
             ... wielding a +0 giant spiked club
              (26 damage)
             ... on level 4 of the Dungeon.
             The game lasted 00:09:30 (2961 turns).

BONEBRO the Covered (Hill Orc Monk)                 Turns: 2961, Time: 00:09:31

Health: -22/57     AC: 19    Str: 16    XL:     7   Next: 12%
Magic:  7/7        EV:  6    Int: 10    God:    Beogh [**....]
Gold:   130        SH:  0    Dex: 13    Spells: 6/6 levels left

rFire   . . .        a - +0 hand axe
rCold   . . .        d - orb {light}
rNeg    . . .        l - +0 plate armour
rPois   .            m - +1 helmet
rElec   .            (no cloak)
rCorr   .            (no gloves)
SInv    .            (no boots)
Will    .....        (no amulet) Stlth
                     h - +4 ring of protection
HPRegen 0.29/turn    (no ring)
MPRegen 0.10/turn

%: no passive effects
@: glowing
A: no striking features
a: Renounce Religion, Smiting


You were on level 4 of the Dungeon.
You worshipped Beogh.
Beogh was pleased with you.
You visited 1 branch of the dungeon, and saw 4 of its levels.

You collected 130 gold pieces.

Inventory:

Hand Weapons
 a - a +0 hand axe (weapon)
Armour
 b - a +0 robe
 d - an orb of light (worn)
 k - a +0 ring mail
 l - a +0 plate armour (worn)
 m - a +1 helmet (worn)
Jewellery
 h - a +4 ring of protection (left hand)
Wands
 t - a wand of flame (9)
 v - a wand of mindburst (1)
Scrolls
 e - 5 scrolls of identify {unknown}
 f - 2 scrolls of teleportation {unknown}
 g - 6 scrolls of vulnerability {unknown}
 i - 2 scrolls of fear {unknown}
 n - a scroll of silence {unknown}
 s - a scroll of immolation {unknown}
Potions
 c - a potion of ambrosia
 j - a potion of mutation {unknown}
 o - a potion of invisibility {unknown}
 p - a potion of degeneration {unknown}
 q - a potion of lignification {unknown}
 r - a potion of curing {unknown}
 u - a potion of attraction {unknown}
 w - a potion of heal wounds {unknown}
 x - a potion of flight {unknown}


   Skills:
 - Level 3.6 Fighting
 - Level 5.5 Axes
 + Level 7.1 Armour
 - Level 2.4 Dodging


You had 6 spell levels left.
You didn't know any spells.
Your spell library contained the following spells:

 Spells                   Type           Power      Damage    Failure   Level
 Frozen Ramparts          Ice            0%         1d1       100%        3
 Ice Form                 Ice/Tmut       0%         N/A       100%        4
 Summon Ice Beast         Ice/Summ       0%         N/A       100%        4


Dungeon Overview and Level Annotations

Branches:
Dungeon (4/15)
 Temple: D:4-7

Altars:
Dithmenos
Vehumet
Xom

Shops:
D:1 [?


Message History

Aiming: Smiting
Press: ? - help, Dir - move target, f/p - ogre Smite: an ogre, wielding a +0 giant spiked club (haloed)
You fail to use your ability.
You hit the ogre.
The ogre is lightly wounded.
The ogre hits you but does no damage.
A hound comes into view.
You hit the ogre but do no damage.
The ogre is lightly wounded.
The ogre hits you with a +0 giant spiked club!!
You hit the ogre.
The ogre is moderately wounded.
The ogre hits you but does no damage.
You hit the ogre.
The ogre is heavily wounded.
You hit the ogre but do no damage.
The ogre is heavily wounded.
You hit the hound. The hound bites you but does no damage.
The ogre hits you with a +0 giant spiked club!
You hit the ogre.
The ogre is heavily wounded.
You closely miss the hound.
The hound bites you but does no damage. x2
The ogre hits you but does no damage.
You hit the ogre.
The ogre is severely wounded.
You hit the hound. The hound bites you.
You hit the ogre but do no damage.
The ogre is severely wounded.
You hit the hound but do no damage. The hound bites you but does no damage.
The ogre hits you with a +0 giant spiked club!
* * * LOW HITPOINT WARNING * * *
The hound bites you.
* * * LOW HITPOINT WARNING * * *
Aiming: Smiting
Press: ? - help, Dir - move target, f/p - ogre Smite: an ogre, wielding a +0 giant spiked club (severely wounded, haloed)
You fail to use your ability.
The hound bites you but does no damage.
The ogre hits you with a +0 giant spiked club!!
You die...

#.......#.....##....#
#.......########....#
#.......# #.....#
#.......# #.....#
#.......# #.....#
#.......# ##....#
+.......# ######
#.......#######
#.....@.#.....##
.......Oh#......#
.........'......#
.........#......#
.........########
..........
..#######.. ## ...
O...


You could see an ogre and a hound.

Vanquished Creatures
  A black bear (D:2)
  A phantom (D:4)
  The ghost of LustLizard the Digger, an amateur OpEE (D:3)
  Ijyb (D:3)
  Natasha (thrice) (D:3)
  Robin (D:2)
  6 adders
  2 worms (D:3)
  4 orcs
  5 endoplasms
  3 giant cockroaches
  18 goblins
  4 hobgoblins
  5 ball pythons
  6 bats
  6 frilled lizards
  12 kobolds
  4 rats
83 creatures vanquished.

Notes
Turn   | Place    | Note
-------+----------+-------------------------------------------
     0 | D:1      | BONEBRO the Hill Orc Monk began the quest for the Orb.
     0 | D:1      | Reached XP level 1. HP: 19/19 MP: 1/1
    91 | D:1      | Found Said's Magic Scroll Shop.
   140 | D:1      | Reached XP level 2. HP: 24/26 MP: 2/2
   281 | D:1      | Found Muklodapp's Armour Boutique.
   410 | D:1      | Reached skill level 5 in Axes
   759 | D:2      | Reached XP level 3. HP: 26/31 MP: 3/3
   907 | D:2      | Noticed Robin
   913 | D:2      | Reached skill level 1 in Armour
   940 | D:2      | Killed Robin
   941 | D:2      | Reached skill level 2 in Armour
   941 | D:2      | Reached XP level 4. HP: 19/39 MP: 4/4
  1092 | D:2      | Noticed a black bear
  1181 | D:2      | Killed a black bear
  1182 | D:2      | Reached skill level 4 in Armour
  1182 | D:2      | Reached XP level 5. HP: 23/45 MP: 5/5
  1467 | D:3      | Noticed Natasha
  1482 | D:3      | Killed Natasha
  1497 | D:3      | Noticed Natasha
  1507 | D:3      | Killed Natasha
  1508 | D:3      | Reached skill level 5 in Armour
  1508 | D:3      | Reached XP level 6. HP: 41/51 MP: 6/6
  1596 | D:3      | Found a runed translucent door.
  1612 | D:3      | Noticed LustLizard's ghost (amateur OpEE)
  1698 | D:3      | Became a worshipper of Beogh the Brigand
  1698 | D:3      | Reached * piety under Beogh
  1698 | D:3      | Reached ** piety under Beogh
  1912 | D:3      | Noticed Natasha
  1913 | D:3      | Found a radiant altar of Vehumet.
  1923 | D:3      | Killed Natasha
  1987 | D:3      | Found a shimmering altar of Xom.
  2031 | D:3      | Found a shadowy altar of Dithmenos.
  2076 | D:3      | Noticed Ijyb
  2114 | D:3      | Killed Ijyb
  2115 | D:3      | Reached skill level 6 in Armour
  2510 | D:3      | Killed LustLizard's ghost
  2802 | D:4      | Reached skill level 7 in Armour
  2802 | D:4      | Reached XP level 7. HP: 46/57 MP: 7/7
  2961 | D:4      | Annihilated by an ogre

Illustrated notes

Levels and vault maps discovered:
D:1:      ncdulo_watergridlock, layout_loops_ring, serial_shops,
          nicolae_shop_hallway_plus, shop
D:2:      minmay_evil_eye, layout_basic, serial_glass, glass_columns_b,
          glass_columns_a, glass_columns_b, glass_columns_a, uniq_robin
D:3:      layout_basic, mainiacjoe_overflow_six_doors_small,
          nicolae_dithmenos_through_a_glass_darkly, vehumet_crystals,
          hellmonk_ghost_happy_afterlife, uniq_ijyb, uniq_natasha
D:4:      layout_gridville, nicolae_overflow_hidden_temple

Skill      XL: |  1  2  3  4  5  6 |
---------------+-------------------+-----
Axes           | 5 |  5.5
Armour         | 2 4 5 7 |  7.1
Fighting       | |  3.6
Dodging        | |  2.4

Action                     |  1- 3 |  4- 6 |  7- 9 || total
---------------------------+-------+-------+-------++-------
  Melee: Hand axe          |   114 |   190 |    10 ||   314
 Invoke: Smiting           |       |     1 |       ||     1
         Convert to Beogh  |       |     1 |       ||     1
  Evoke: Wand              |       |     1 |       ||     1
 Armour: Robe              |    41 |       |       ||    41
         Plate armour      |    35 |   138 |     9 ||   182
  Dodge: Dodged            |    63 |    43 |     1 ||   107
